 Dungeon Crawl Stone Soup version 0.17-a0-1435-geafbe2f (webtiles) character file.

20044 nuthulu the Warrior (level 13, -1/117 HPs)
             Began as a Formicid Fighter on June 26, 2015.
             Was a High Priest of Okawaru.
             Slain by a 12-headed hydra (7 damage)
             ... on level 4 of the Lair of Beasts.
             The game lasted 00:43:50 (15452 turns).

nuthulu the Warrior (Formicid Fighter)             Turns: 15452, Time: 00:43:50

Health: -1/117     AC: 21    Str: 27    XL:     13   Next: 9%
Magic:  11/13      EV: 10    Int:  7    God:    Okawaru [*****.]
Gold:   873        SH: 13    Dex: 10    Spells: 0 memorised, 12 levels left

rFire  + . .     SeeInvis +     x - +2 battleaxe (elec)
rCold  . . .     Clarity  .     f - +4 chain mail of Duacat {rN+ rCorr}
rNeg   + . .     SustAt   .     c - +1 shield
rPois  .         Gourm    .     (helmet unavailable)
rElec  .         Spirit   .     O - +1 cloak
rCorr  +         Warding  .     r - +1 pair of gloves
rMut   .         Stasis   +     C - +0 pair of boots
MR     ++...                    (no amulet)
Stlth  ..........               q - ring of protection from magic
                                Q - ring of protection from fire

@: heroism, very resistant to hostile enchantments, extremely unstealthy
A: permanent stasis, dig shafts and tunnels, four strong arms, antennae 3,
talons 1
a: Dig, Shaft Self, Heroism, Renounce Religion


You were on level 4 of the Lair of Beasts.
You worshipped Okawaru.
Okawaru was extremely pleased with you.
You were not hungry.

You visited 3 branches of the dungeon, and saw 15 of its levels.

You collected 931 gold pieces.
You spent 58 gold pieces at shops.

Inventory:

Hand weapons
 a - a +3 war axe
 x - a +2 battleaxe of electrocution (weapon)
 B - a +3 battleaxe
Missiles
 y - 5 throwing nets (quivered)
Armour
 b - a +0 scale mail
 c - a +1 shield (worn)
 f - the +4 chain mail of Duacat (worn) {rN+ rCorr}
   (You found it on level 6 of the Dungeon)

   It protects you from negative energy.
   It protects you from acid and corrosion.
 r - a +1 pair of gloves (worn)
 u - a +0 plate armour
 C - a +0 pair of boots (worn)
 L - the +1 chain mail "Otruc" {rC+ Dex+3}
   (Okawaru gifted it to you on level 1 of the Lair of Beasts)

   It affects your dexterity (+3).
   It protects you from cold.
 O - a +1 cloak (worn)
Jewellery
 o - an uncursed ring of wizardry
 q - a ring of protection from magic (right hand)
 s - a +5 ring of intelligence
 H - an uncursed ring of fire
 Q - a ring of protection from fire (left hand)
Magical devices
 t - a wand of flame (44)
 z - a wand of disintegration (20)
 D - a wand of slowing (17)
 F - a wand of cold (2)
 I - a wand of disintegration (13)
 P - a wand of polymorph (16)
Scrolls
 g - 3 scrolls of remove curse
 k - 3 scrolls of fog
 G - a scroll of amnesia
 J - a scroll of recharging
 N - a scroll of magic mapping
Potions
 d - 2 potions of flight
 i - 2 potions of cure mutation
 j - 4 potions of invisibility
 l - 3 potions of agility
 n - 2 potions of curing
 p - a potion of heal wounds
 v - 2 potions of resistance
 w - 2 potions of lignification
 A - a potion of poison {unknown}
 M - a potion of mutation
Comestibles
 e - 5 bread rations
 h - 7 meat rations
 m - 3 beef jerkies
 E - 18 fruits
 K - a chunk of flesh


   Skills:
 * Level 15.6(20.6) Fighting
 * Level 14.2(19.2) Axes
 - Level 3.2(8.2) Armour
 - Level 3.6(8.6) Shields


You had 12 spell levels left.
You didn't know any spells.

Dungeon Overview and Level Annotations

Branches:
Dungeon (10/15)            Temple (1/1) D:6            Lair (4/8) D:8
 Shoals (0/4) Lair:3          Orc (0/4) D:9
  Snake: Lair:3-6    Spider: Lair:3-6

Altars:
Ashenzari
Cheibriados
Dithmenos
Elyvilon
Fedhas
Kikubaaqudgha
Makhleb
Nemelex Xobeh
Okawaru
Qazlal
Sif Muna
Vehumet
Xom
Yredelemnul
Zin
The Shining One

Shops:
D:6 *   D:9 [(


Innate Abilities, Weirdness & Mutations

You are under a permanent stasis effect.
You can dig through walls and to a lower floor.
Your four strong arms can wield two-handed weapons with a shield.
You have a pair of large antennae on your head (SInv).
You have sharp toenails.


Message History

You feel slightly more hungry. The 11-headed hydra bites you!
* * * LOW HITPOINT WARNING * * *
The 11-headed hydra bites you but does no damage.
You block the 11-headed hydra's attack. The 11-headed hydra bites you!
* * * LOW HITPOINT WARNING * * *
You block the 11-headed hydra's attack.
The 11-headed hydra bites you but does no damage.
The 11-headed hydra bites you.
* * * LOW HITPOINT WARNING * * *
The 11-headed hydra bites you but does no damage.
The 11-headed hydra completely misses you.
The 11-headed hydra barely misses you. The 11-headed hydra bites you!
* * * LOW HITPOINT WARNING * * *
Unknown command.
You lop one of the 11-headed hydra's heads off!
The ten-headed hydra grows two more!
You slice the 12-headed hydra!!
The 12-headed hydra is almost dead.
You block the 12-headed hydra's attack. x2
The 12-headed hydra bites you!
You die...

.......$.# ###..........
.........# #...........
.........## ####........
..........# ##.......
.........## ####....
..........# ##P.#
..........# #####..#
..........##########.##P...
.........†@##.#..#....#..##
..........D..#.#.........#÷
........#PP.............###
.##.#...####............##.
####### #..............#.
#.#...........###.
#####..........P..
####.......... ###......#.


You could see a 12-headed hydra.

Vanquished Creatures
  Harold (Lair:3)
  Erolcha (D:8)
  Erica (D:8)
  The ghost of Protee the Skirmisher, an experienced DsCK of Xom (D:10)
  Nergalle (Lair:3)
  Pikel (D:9)
  A hill giant (D:10)
  The ghost of WhatIsLove the Cudgeler, an experienced OgHu of Okawaru (D:5)
  4 elephants (Lair:3)
  Psyche (D:8)
  5 torpor snails (Lair:1)
  2 spiny frogs (Lair:1)
  2 komodo dragons
  5 wandering mushrooms (Lair:3)
  A troll (D:10)
  Grinder (D:4)
  4 blink frogs (Lair:3)
  A snapping turtle (Lair:3)
  A deep elf mage (D:9)
  12 yaks
  A hungry ghost (D:7)
  2 hippogriffs
  2 orc warriors
  4 porcupines
  Duvessa (D:4)
  5 water moccasins
  2 ice beasts
  An eye of draining (D:10)
  4 ogres
  A black bear (D:9)
  2 slaves (D:9)
  3 centaurs
  A sky beast (D:7)
  3 phantoms
  5 crocodiles
  6 big kobolds
  16 giant frogs
  4 killer bees (D:8)
  A wyvern skeleton (D:6)
  Dowan (D:4)
  3 scorpions
  3 electric eels
  11 wights
  6 crimson imps
  3 giant frog zombies
  3 orc wizards
  4 giant frog skeletons
  8 hounds
  5 iguanas
  2 orc priests
  6 worker ants
  2 sheep (D:8)
  28 river rats
  14 adders
  2 shadow imps
  2 oozes
  2 adder skeletons
  3 worms
  6 giant geckos
  35 orcs
  2 bat skeletons (D:5)
  5 giant cockroaches
  5 goblins
  12 hobgoblins
  3 jackals (D:4)
  6 quokkas
  A ball python (D:5)
  16 bats
  5 giant newts
  A jackal skeleton (D:4)
  40 kobolds
  16 rats
  4 fungi
  2 plants
378 creatures vanquished.

Vanquished Creatures (others)
  A bat (D:9)
  A fungus (Lair:1)
2 creatures vanquished.

Grand Total: 380 creatures vanquished

Notes
Turn   | Place    | Note
--------------------------------------------------------------
     0 | D:1      | nuthulu the Formicid Fighter began the quest for the Orb.
     0 | D:1      | Reached XP level 1. HP: 18/18 MP: 1/1
   180 | D:1      | Reached XP level 2. HP: 22/24 MP: 2/2
   931 | D:2      | Reached XP level 3. HP: 30/30 MP: 3/3
  1096 | D:2      | Reached skill level 4 in Fighting
  1301 | D:2      | Found a shattered altar of Ashenzari.
  1337 | D:2      | Found a burning altar of Makhleb.
  1382 | D:2      | Reached XP level 4. HP: 37/37 MP: 4/4
  1388 | D:2      | Found a burning altar of Makhleb.
  2171 | D:3      | Found a sparkling altar of Nemelex Xobeh.
  2330 | D:3      | Reached XP level 5. HP: 43/43 MP: 5/5
  2566 | D:3      | Reached skill level 5 in Fighting
  2667 | D:4      | Noticed a phantom
  2697 | D:4      | Killed a phantom
  2697 | D:4      | Reached XP level 6. HP: 38/52 MP: 6/6
  2788 | D:4      | Noticed Grinder
  2804 | D:4      | Killed Grinder
  2804 | D:4      | Reached skill level 6 in Fighting
  2804 | D:4      | Reached skill level 5 in Axes
  2804 | D:4      | Reached XP level 7. HP: 44/59 MP: 7/7
  2958 | D:4      | Found a stormy altar of Qazlal.
  3252 | D:4      | Noticed Duvessa
  3257 | D:4      | Noticed Dowan
  3280 | D:4      | Killed Dowan
  3281 | D:4      | Killed Duvessa
  3281 | D:4      | Reached skill level 7 in Fighting
  3432 | D:4      | Reached XP level 8. HP: 67/67 MP: 8/8
  3709 | D:5      | Entered Level 5 of the Dungeon
  4456 | D:5      | Noticed WhatIsLove's ghost (experienced OgHu)
  4472 | D:5      | Killed WhatIsLove's ghost
  4472 | D:5      | Reached skill level 8 in Fighting
  4514 | D:5      | Found a glowing golden altar of the Shining One.
  4561 | D:5      | Reached XP level 9. HP: 61/75 MP: 9/9
  4906 | D:6      | Found Zin's Purification Station.
  4906 | D:6      | Found a glowing silver altar of Zin.
  4912 | D:6      | Found a staircase to the Ecumenical Temple.
  4926 | Temple   | Entered the Ecumenical Temple
  4930 | Temple   | Became a worshipper of Warmaster Okawaru
  5248 | D:6      | Reached skill level 9 in Fighting
  5799 | D:6      | Acquired Okawaru's first power
  5975 | D:6      | Got a warped chain mail
  5986 | D:6      | Identified the +4 chain mail of Duacat {rN+ rCorr} (You found it on level 6 of the Dungeon)
  5990 | D:6      | Found an ancient bone altar of Kikubaaqudgha.
  6146 | D:7      | Reached skill level 10 in Fighting
  6323 | D:7      | Found a shimmering altar of Xom.
  6653 | D:7      | Reached XP level 10. HP: 86/86 MP: 10/10
  7059 | D:8      | Noticed Psyche
  7066 | D:8      | Killed Psyche
  7066 | D:8      | Reached skill level 11 in Fighting
  7072 | D:8      | Noticed Erolcha
  7079 | D:8      | Killed Erolcha
  7079 | D:8      | Reached skill level 10 in Axes
  7727 | D:8      | Reached skill level 12 in Fighting
  8081 | D:8      | Identified a scroll of acquirement
  8310 | D:8      | Noticed Erica
  8323 | D:8      | Killed Erica
  8323 | D:8      | Reached XP level 11. HP: 73/96 MP: 8/11
  8353 | D:8      | Found a staircase to the Lair.
  9129 | D:9      | Found a staircase to the Orcish Mines.
  9129 | D:9      | Found Siankoib's Armour Boutique.
  9129 | D:9      | Found Atou's Weapon Boutique.
  9179 | D:9      | Bought a +0 pair of boots for 58 gold pieces
  9494 | D:9      | Reached skill level 13 in Fighting
  9622 | D:9      | Found a deep blue altar of Sif Muna.
  9649 | D:9      | Noticed Pikel
  9664 | D:9      | Killed Pikel
 10143 | D:10     | Entered Level 10 of the Dungeon
 10319 | D:10     | Noticed a hill giant
 10330 | D:10     | Killed a hill giant
 10440 | D:10     | Noticed Protee's ghost (experienced DsCK)
 10454 | D:10     | Killed Protee's ghost
 10633 | D:10     | Acquired Okawaru's second power
 11261 | Lair:1   | Entered Level 1 of the Lair of Beasts
 11541 | Lair:1   | Reached XP level 12. HP: 98/106 MP: 12/12
 11620 | Lair:1   | Gained mutation: You have sharp toenails. [potion of mutation]
 11620 | Lair:1   | Gained mutation: You are agile. (Dex +2) [potion of mutation]
 11620 | Lair:1   | Lost mutation: You are agile. (Dex +2) [potion of mutation]
 11639 | Lair:1   | Reached skill level 14 in Fighting
 12182 | Lair:1   | Found a snail-covered altar of Cheibriados.
 12297 | Lair:1   | Received a gift from Okawaru
 12300 | Lair:1   | Got an amber-encrusted chain mail {god gift}
 12311 | Lair:1   | Identified the +1 chain mail "Otruc" {rC+ Dex+3} (Okawaru gifted it to you on level 1 of the Lair of Beasts)
 13631 | Lair:3   | Noticed Nergalle
 13635 | Lair:3   | Killed Nergalle
 13690 | Lair:3   | Noticed Harold
 13702 | Lair:3   | Killed Harold
 13702 | Lair:3   | Reached skill level 15 in Fighting
 13922 | Lair:3   | Found a staircase to the Shoals.
 14644 | Lair:3   | Reached XP level 13. HP: 53/116 MP: 13/13
 15452 | Lair:4   | Slain by a 12-headed hydra

Vault maps used:
D:1:      roderic_crop_circles_arrival_small
D:2:      overflow_temple_1_default, lightli_temple_of_fire, first_bread,
          bloody_makhleb
D:3:      nemelex_dance_club_becter
D:4:      kennysheep_little_box, uniq_duvessa, uniq_grinder
D:5:      nicolae_tso_carved_into_rock
D:6:      zin_purify, lemuel_coloured_pillars_altar,
          minmay_temple_entry_overgrown
D:7:      serial_bayou, serial_bayou_crossing, serial_bayou_ford_a,
          serial_bayou_pond_e, serial_bayou_shore_b, basic_altar,
          minmay_door_square
D:8:      dpeg_lair_monsters, enter_bailey_2, uniq_psyche, uniq_erica,
          uniq_erolcha
D:9:      wad_river_or_something, lemuel_blue_sif_altar, orc_david_3, uniq_pikel
Temple:   nicolae_temple_x_marks_the_god
Lair:1:   kennysheep_snail_temple, serial_bayou_shore_b
Lair:2:   serial_bayou_shore_a, serial_bayou_shore_b
Lair:3:   minmay_shoals_entry_hut, fungi_pond_lemuel, uniq_harold, uniq_nergalle
Lair:4:   infiniplex_staircase_pool_2, lemuel_fruit_tree

Action                   |  1- 3 |  4- 6 |  7- 9 | 10-12 | 13-15 || total
-------------------------+-------+-------+-------+-------+-------++-------
Melee: War axe           |   115 |   145 |   382 |    11 |       ||   653
       Battleaxe         |       |       |       |   539 |    38 ||   577
Invok: Heroism           |       |       |       |     3 |     1 ||     4
 Abil: Dig               |       |       |       |     3 |       ||     3
Evoke: Wand              |       |       |       |       |     3 ||     3
  Use: Scroll            |     6 |     4 |     6 |    12 |       ||    28
       Potion            |       |       |     2 |     1 |       ||     3
 Stab: Invisible         |       |       |     1 |       |       ||     1
  Eat: Chunk             |     2 |     5 |     8 |    20 |     2 ||    37
       Meat ration       |       |       |     1 |       |       ||     1
       Royal jelly       |       |       |       |     1 |       ||     1
       Bread ration      |       |       |       |     1 |       ||     1
